 Dungeon Crawl Stone Soup version 0.30-a0-782-ge64f9170bb (webtiles) character file.

Game seed: 15649040285817315796

183 theswoord the Chopper (level 5, -2/41 HPs)
             Began as a Demonspawn Monk on Feb 23, 2023.
             Slain by an ogre
             ... wielding a +0 giant club
              (4 damage)
             ... on level 4 of the Dungeon.
             The game lasted 00:03:17 (3040 turns).

theswoord the Chopper (Demonspawn Monk)             Turns: 3040, Time: 00:03:17

Health: -2/41      AC:  8    Str: 13    XL:     5   Next: 35%
Magic:  5/5        EV: 10    Int: 12    God:
Gold:   142        SH:  0    Dex: 17    Spells: 4/4 levels left

rFire   . . .      SeeInvis .    h - +0 war axe
rCold   . . .      Faith    .    (no shield)
rNeg    . . .      Spirit   .    g - +0 scale mail
rPois   .          Reflect  .    f - +1 helmet
rElec   .          Harm     .    (no cloak)
rCorr   .          Rampage  .    (no gloves)
Will    .....                    (no boots)
Stlth   ++                       (no amulet)
HPRegen 0.26/turn                (no ring)
MPRegen 0.09/turn                (no ring)

@: no status effects
A: hooves 1, thin skeletal structure 1
a: no special abilities


You were on level 4 of the Dungeon.
You visited 1 branch of the dungeon, and saw 4 of its levels.

You collected 142 gold pieces.

Inventory:

Hand Weapons
 a - a +0 hand axe
 h - a +0 war axe (weapon)
 n - a +0 whip
Armour
 b - a +0 robe
 f - a +1 helmet (worn)
 g - a +0 scale mail (worn)
Wands
 j - a wand of acid (12)
 m - a wand of paralysis (12)
Scrolls
 i - 4 scrolls of teleportation
Potions
 c - a potion of ambrosia
 d - a potion of cancellation
 e - a potion of invisibility
 l - a potion of curing {unknown}
 q - 2 potions of lignification


   Skills:
 - Level 3.0 Fighting
 + Level 5.6 Axes
 - Level 2.6 Dodging
 - Level 1.7 Stealth


You had 4 spell levels left.
You didn't know any spells.
Your spell library contained the following spells:

 Spells                   Type           Power      Damage    Failure   Level
 Apportation              Tloc           0%         N/A       86%         1
 Lesser Beckoning         Tloc           0%         N/A       94%         2
 Gell's Gravitas          Tloc           0%         N/A       99%         3
 Inner Flame              Hex/Fire       0%         N/A       99%         3
 Stone Arrow              Conj/Erth      0%         3d7       99%         3
 Teleport Other           Tloc           0%         N/A       99%         3
 Vhi's Electric Charge    Tloc/Air       0%         N/A       99%         3
 Animate Armour           Summ/Erth      0%         N/A       100%        4
 Flame Wave               Conj/Fire      0%         2d4       100%        4
 Sticky Flame             Conj/Fire      0%         2d3       100%        4
 Alistair's Intoxication  Tmut/Pois      0%         N/A       100%        5
 Arcjolt                  Conj/Air       0%         1d10      100%        5
 Lehudib's Crystal Spear  Conj/Erth      0%         10d2      100%        8
 Maxwell's Capacitive Co  Air            0%         ∞         100%        8


Dungeon Overview and Level Annotations

Branches:
Dungeon (4/15)
 Temple: D:4-7

Altars:
Hepliaklqana


Innate Abilities, Weirdness & Mutations

You have large cloven feet.
You have a somewhat thin skeletal structure. (Dex +2, Stealth+)


Message History

A hobgoblin is nearby!
A hobgoblin is nearby!
A hobgoblin is nearby!
The hobgoblin completely misses you.
You hit the hobgoblin. You kick the hobgoblin. You closely miss the hobgoblin.
The hobgoblin hits you.
You slash the hobgoblin!
You kill the hobgoblin!
No target in view!
No target in view!
No target in view!
No target in view!
No target in view!
You now have 142 gold pieces (gained 8).
You see here a hobgoblin corpse.
You see here a +0 spear.
An adder comes into view.
An adder is nearby!
An adder is nearby!
An ogre comes into view. It is wielding a +0 giant club.
Found a stone staircase leading up.
The adder hisses angrily.
The ogre shouts!
The ogre closely misses you.
You hit the ogre. The ogre hits you with a +0 giant club!
The adder bites you but does no damage.
You barely miss the ogre. You hit the adder.
The adder bites you but does no damage. The ogre hits you with a +0 giant club!
You barely miss the adder. You hit the ogre.
The adder bites you but does no damage. x2
You hit the adder. Your kick misses the adder. You hit the ogre.
The ogre closely misses you. The adder barely misses you.
You hit the adder but do no damage. You kick the adder.
You kill the adder!
You hit the ogre. The ogre misses you.
You barely miss the ogre.
The ogre hits you with a +0 giant club!!
* * * LOW HITPOINT WARNING * * *
You hit the ogre but do no damage. Your kick misses the ogre.
The ogre hits you with a +0 giant club.
You die...

##..<.. ....... ##.....
........ ###......
#...........# ##.......#
#......#....# .........#
#..##..#....#
.........###..##..##....
..........##..##..##....
......O@......##.)##..##
......†.......#.......##
..................†....#
................#####..#
...........####.## ##..
..........## ##.####..#
..####....# ##......##
## ##.... #.####.## #.#
### ###


You could see an ogre.

Vanquished Creatures
  A scorpion (D:4)
  Terence (D:3)
  Robin (D:3)
  2 adders
  3 dart slugs
  3 endoplasms
  2 giant cockroaches (D:1)
  15 goblins
  10 hobgoblins
  2 jackals (D:2)
  2 quokkas
  5 ball pythons
  6 bats
  2 kobolds (D:3)
  4 rats
59 creatures vanquished.

Vanquished Creatures (others)
  19 plants (D:3)
19 creatures vanquished.

Grand Total: 78 creatures vanquished

Notes
Turn   | Place    | Note
-------+----------+-------------------------------------------
     0 | D:1      | theswoord the Demonspawn Monk began the quest for the Orb.
     0 | D:1      | Reached XP level 1. HP: 18/18 MP: 1/1
    98 | D:1      | Reached skill level 3 in Axes
   199 | D:1      | Gained mutation: You have a somewhat thin skeletal
                  | structure. (Dex +2, Stealth+) [demonic ancestry]
   199 | D:1      | Reached XP level 2. HP: 24/24 MP: 2/2
   944 | D:2      | Reached XP level 3. HP: 22/29 MP: 3/3
  1424 | D:2      | Reached skill level 4 in Axes
  2006 | D:3      | Noticed Robin
  2045 | D:3      | Gained mutation: You have large cloven feet. [demonic
                  | ancestry]
  2045 | D:3      | Reached XP level 4. HP: 23/35 MP: 4/4
  2056 | D:3      | Killed Robin
  2444 | D:3      | Noticed Terence
  2455 | D:3      | Killed Terence
  2809 | D:4      | Reached skill level 5 in Axes
  2855 | D:4      | Found a hazy altar of Hepliaklqana.
  2935 | D:4      | Noticed a scorpion
  2942 | D:4      | Killed a scorpion
  2943 | D:4      | Reached XP level 5. HP: 30/41 MP: 5/5
  3028 | D:4      | Noticed an ogre
  3039 | D:4      | HP: 2/41 [ogre/+0 giant club (20)]
  3040 | D:4      | Slain by an ogre

Skill      XL: |  1  2  3  4 |
---------------+-------------+-----
Axes           | 3 4 5 |  5.6
Fighting       | |  3.0
Dodging        | |  2.6
Stealth        | |  1.7

Action                     |  1- 3 |  4- 6 || total
---------------------------+-------+-------++-------
  Melee: Hand axe          |    59 |       ||    59
         War axe           |   103 |    59 ||   162
         Kick              |       |    11 ||    11
    Use: Scroll            |     5 |     5 ||    10
   Stab: Sleeping          |     6 |       ||     6
 Armour: Robe              |    15 |       ||    15
         Scale mail        |    70 |    26 ||    96
  Dodge: Dodged            |   104 |    27 ||   131

Levels and vault maps discovered:
D:1:      pf_arrival_petrified_forest, layout_loops_ring
D:2:      layout_loops_ring, minivault_5
D:3:      layout_loops_corners, serial_bayou, serial_bayou_pond_e,
          serial_bayou_pond_e, serial_bayou_shore_b, serial_bayou_pond_e,
          serial_bayou_lagoon_a, serial_bayou_crossing, nrook_mini_backslash,
          uniq_robin, uniq_terence
D:4:      minmay_angry_zag, layout_layer_cave, mainiacjoe_overflow_24_doors,
          nicolae_shop_dragon_depot
